 Dungeon Crawl Stone Soup version 0.29-a0-886-gfb1a3fa8b1 (webtiles) character file.

Game seed: 18039420074876581251

24946 injinashi the Markskobold (level 13, -3/85 HPs)
             Began as a Kobold Hunter on July 21, 2022.
             Was a Priest of Jiyva.
             Slain by a warg (11 damage)
             ... led by an orc warlord
             ... on level 2 of the Orcish Mines.
             The game lasted 02:09:21 (12758 turns).

injinashi the Markskobold (Kobold Hunter)          Turns: 12758, Time: 02:09:21

Health: -3/85      AC: 11    Str: 12    XL:     13   Next: 46%
Magic:  0/15       EV: 23    Int:  9    God:    Jiyva [***...]
Gold:   352        SH:  0    Dex: 23    Spells: 12/15 levels left

rFire   + + .      SeeInvis .   a - +3 shortbow
rCold   x . .      Faith    .   (shield currently unavailable)
rNeg    . . .      Spirit   +   l - +3 leather armour {Will+}
rPois   +          Reflect  .   (helmet unavailable)
rElec   .          Harm     .   (no cloak)
rCorr   +          Rampage  .   q - +2 pair of gloves
Will    ++...      Clarity  +   (no boots)
Stlth   ++++......              h - amulet of guardian spirit
HPRegen 2.16/turn               D - ring of poison resistance
MPRegen 0.49/turn               z - ring of fire

@: mighty
A: small, no large weapons, nightstalker 3, horns 3, clarity, fire resistance 1,
strong-willed 1, regeneration 1, strong 1, gelatinous body 2, tendrils
a: Renounce Religion, Oozemancy


You were on level 2 of the Orcish Mines.
You worshipped Jiyva.
Jiyva was most pleased with you.
You visited 4 branches of the dungeon, and saw 16 of its levels.
You also visited: Ossuary.

You collected 805 gold pieces.
You spent 453 gold pieces at shops.

Inventory:

Hand Weapons
 a - a +3 shortbow (weapon)
Missiles
 w - 2 throwing nets
Armour
 l - a +3 leather armour of willpower (worn)
 q - a +2 pair of gloves (worn)
Jewellery
 g - an amulet of faith
 h - an amulet of guardian spirit (around neck)
 x - a ring of willpower
 z - a ring of fire (right hand)
 D - a ring of poison resistance (left hand)
Wands
 s - a wand of flame (13)
 u - a wand of charming (1)
 C - a wand of iceblast (2)
Scrolls
 b - 2 scrolls of immolation
 k - a scroll of butterflies
 A - a scroll of magic mapping
Potions
 c - a potion of berserk rage
 d - a potion of resistance {unknown}
 e - 3 potions of might
 f - 2 potions of flight {unknown}
 i - a potion of mutation {unknown}
 m - a potion of magic {unknown}
 n - a potion of invisibility {unknown}
 o - a potion of haste {unknown}
 p - a potion of ambrosia {unknown}
 r - 2 potions of cancellation
 t - a potion of brilliance
 B - a potion of lignification {unknown}
Miscellaneous
 v - a lightning rod (4/4)
 y - a condenser vane


   Skills:
 + Level 11.8 Fighting
 * Level 20.9 Ranged Weapons
 + Level 4.9 Armour
 + Level 9.0 Dodging
 + Level 4.8 Stealth
 + Level 1.5 Spellcasting
 + Level 1.2 Conjurations
 + Level 0.3 Evocations


You had 12 spell levels left.
You knew the following spells:

 Your Spells              Type           Power      Damage    Failure   Level
a - Magic Dart            Conj           8%         1d3       26%         1
b - Call Imp              Summ           0%         N/A       56%         2

Your spell library contained the following spells:

 Spells                   Type           Power      Damage    Failure   Level
 Searing Ray              Conj           4%         2d4       38%         2
 Poisonous Vapours        Pois/Air       0%         N/A       56%         2
 Mephitic Cloud           Conj/Pois/Air  1%         N/A       75%         3
 Gell's Gravitas          Tloc           0%         N/A       80%         3
 Lesser Beckoning         Tloc           0%         N/A       80%         3
 Teleport Other           Tloc           0%         N/A       80%         3
 Fulminant Prism          Conj/Hex       0%         3d6       98%         4
 Animate Dead             Necr           0%         N/A       99%         4
 Corpse Rot               Necr/Pois/Air  0%         N/A       99%         4
 Haunt                    Necr/Summ      0%         N/A       100%        7
 Infestation              Necr           0%         N/A       100%        8


Dungeon Overview and Level Annotations

Branches:
Dungeon (12/15)            Temple (1/1) D:6            Lair (1/5) D:10
    Orc (2/2) D:12            Elf (0/3) Orc:2       Ossuary (visited)

Altars:
Ashenzari
Cheibriados
Dithmenos
Elyvilon
Fedhas
Gozag
Hepliaklqana
Kikubaaqudgha
Makhleb
Nemelex Xobeh
Okawaru
Qazlal
Ru
Sif Muna
Trog
Uskayaw
Vehumet
Wu Jian
Xom
Yredelemnul
Zin
The Shining One
Jiyva

Shops:
D:2 (   D:5 *   Orc:1 =   Orc:2 (=

Annotations:
D:2 1 runed translucent door, Crazy Yiuf
D:9 1 transporter


Innate Abilities, Weirdness & Mutations

You are small and have problems with some larger weapons.
You are completely attuned to the shadows.
You have a pair of large horns on your head.
You possess an exceptional clarity of mind.
Your flesh is heat resistant. (rF+)
You are strong-willed. (Will+)
Your natural rate of healing is unusually fast.
Your muscles are strong. (Str +4, Int/Dex -1)
Your pliable body absorbs attacks. (AC +2, EV +2)
You are covered in slimy tendrils that may disarm your opponents.


Message History

The orc warlord hits you with a +2 long sword of holy wrath.
An orc wizard comes into view. It is wielding a +0 dagger.
The wall burns the warg!
Fire: a) +3 shortbow
Press: ? - help, Q - select action, (/) - cycle Shift-Dir - straight line, f/p - orc warlord
Aim: an orc warlord, wielding a +2 long sword of holy wrath and wearing a +0 chain mail (heavily wounded, 80% to hit)
You shoot an arrow.
The arrow hits the orc warlord but does no damage.
The orc warlord is heavily wounded.
The walls burn the orc warrior!
The orc warrior closely misses you.
The wall burns the orc warlord!
The orc warlord hits you with a +2 long sword of holy wrath!
The walls burn the warg!
You are too injured to fight recklessly!
You are too injured to fight recklessly!
Fire: a) +3 shortbow
Press: ? - help, Q - select action, (/) - cycle Shift-Dir - straight line, f/p - orc warlord
Aim: an orc warlord, wielding a +2 long sword of holy wrath and wearing a +0 chain mail (heavily wounded, 80% to hit)
You shoot an arrow. The arrow hits the orc warlord!
The orc warlord is severely wounded.
You stop calling forth ooze.
An orc high priest comes into view. It is wielding a +0 scimitar.
The orc warrior closely misses you.
The orc warlord hits you with a +2 long sword of holy wrath!!
* * * LOW HITPOINT WARNING * * *
You hear a shout!
Fire: a) +3 shortbow
Press: ? - help, Q - select action, (/) - cycle Shift-Dir - straight line, f/p - orc warlord
Aim: an orc warlord, wielding a +2 long sword of holy wrath and wearing a +0 chain mail (severely wounded, 80% to hit)
You shoot an arrow. The arrow hits the orc warlord!
The orc warlord is severely wounded.
The orc warrior barely misses you.
Fire: a) +3 shortbow
Press: ? - help, Q - select action, (/) - cycle Shift-Dir - straight line, f/p - orc warlord
Aim: an orc warlord, wielding a +2 long sword of holy wrath and wearing a +0 chain mail (severely wounded, 80% to hit)
You shoot an arrow. The arrow hits the orc warlord!
The orc warlord is almost dead.
You hear a shout!
The warg bites you!
You die...

#.###.......... #.#
##.##...... #.##
#####..... #..##
##.#### #...## #..##..
#... #....# #..#...
8... ##.#.#####..#...
.... ###.....#.#...##'#
#'))##@o...........#...
...)[o.h...........#.8.
.8.8)o........##.#.#...
...............#.#.###'
........<..............
.......................
...............##.
...............#..
............#....#


You could see an orc warlord, a warg, an orc warrior (strong) and an orc wizard
(strong).

Vanquished Creatures
  Gastronok (Lair:1)
  Erica (D:8)
  2 hydras (D:11)
  2 two-headed ogres
  3 orc high priests (Orc:2)
  Pikel (D:4)
  The ghost of Uilleam the Spear-Bearer, a novice MfBe of Trog (D:6)
  An orc sorcerer (Orc:1)
  An ugly thing (D:12)
  A cyclops (D:11)
  2 manticores (D:12)
  Maurice (D:8)
  4 cane toads (Lair:1)
  3 komodo dragons (Lair:1)
  6 trolls
  A polar bear (Lair:1)
  A hornet (D:7)
  Grinder (D:4)
  11 blink frogs (Lair:1)
  2 shadows
  2 wraiths
  20 yaks
  2 steam dragons (D:7)
  3 vampire mosquitoes (D:11)
  Edmund (D:5)
  An acid dragon (D:12)
  A warg (Orc:1)
  Duvessa (D:4)
  15 orc warriors
  3 water moccasins
  An ice beast (D:5)
  5 sky beasts (D:7)
  2 black bears
  4 ogres
  4 wolves (Lair:1)
  6 centaurs
  3 kobold brigands
  3 phantoms
  7 bullfrogs
  3 scorpions
  4 water moccasin zombies (Ossuary)
  4 wights (D:9)
  Dowan (D:4)
  A killer bee (D:8)
  5 howler monkeys
  2 hounds
  12 orc priests
  14 orc wizards
  Natasha (thrice) (D:3)
  8 adders
  2 shadow imps
  A white imp (D:7)
  An ufetubus (D:5)
  4 adder zombies
  A worm (D:3)
  A dart slug (D:5)
  59 orcs
  5 bats
  An endoplasm (D:1)
  4 giant cockroaches
  3 goblins
  5 hobgoblins
  10 jackals
  9 kobolds
  A quokka (D:1)
  6 ball pythons
  A frilled lizard (D:1)
  A giant cockroach zombie (D:3)
  A gnoll zombie (Ossuary)
  2 hobgoblin zombies (Ossuary)
  7 kobold zombies (Ossuary)
  7 rats
  A bush (D:6)
320 creatures vanquished.

Vanquished Creatures (others)
  A tarantella (shapeshifter) (D:9)
  A water moccasin (Lair:1)
  A sky beast (D:7)
  A black bear (D:7)
  A kobold brigand (D:6)
  A necrophage (D:4)
  A wight (D:9)
  48 jellies
  3 howler monkeys
  5 orc priests
  An iguana (D:2)
  6 orc wizards
  2 mummies (Ossuary)
  An adder (D:6)
  A shadow imp (D:5)
  An adder zombie (Ossuary)
  A dart slug (D:4)
  28 orcs
  2 ball pythons (D:2)
  3 endoplasms (D:3)
  A gnoll zombie (Ossuary)
  A goblin (D:2)
  4 hobgoblins
  A jackal (D:3)
  5 kobolds
  A quokka (D:4)
  A bat (D:2)
  4 hobgoblin zombies (Ossuary)
  A kobold zombie (Ossuary)
  3 orc zombies (Ossuary)
  3 rats
  11 fungi
  22 plants
167 creatures vanquished.

Grand Total: 487 creatures vanquished

Notes
Turn   | Place    | Note
-------+----------+-------------------------------------------
     0 | D:1      | injinashi the Kobold Hunter began the quest for the Orb.
     0 | D:1      | Reached XP level 1. HP: 12/12 MP: 1/1
   154 | D:1      | Found a faded altar of an unknown god.
   159 | D:1      | Prayed at the altar of an unknown god.
   159 | D:1      | Became a worshipper of Jiyva Juilonwa the Shapeless
   159 | D:1      | Reached * piety under Jiyva
   203 | D:1      | Reached XP level 2. HP: 18/18 MP: 2/2
   313 | D:1      | Reached skill level 6 in Ranged Weapons
   453 | D:1      | Reached XP level 3. HP: 19/22 MP: 3/3
   873 | D:1      | Reached ** piety under Jiyva
  1305 | D:2      | Found Qepelil's Antique Weapon Boutique.
  1508 | D:2      | Found a runed translucent door.
  1511 | D:2      | Noticed Crazy Yiuf
  2021 | D:3      | Reached *** piety under Jiyva
  2133 | D:3      | Reached XP level 4. HP: 27/27 MP: 4/4
  2139 | D:3      | Found a basalt altar of Yredelemnul.
  2203 | D:3      | Gained mutation: Your natural rate of healing is unusually
                  | fast. [Jiyva's grace]
  2203 | D:3      | Gained mutation: You heal very quickly. [Jiyva's grace]
  2203 | D:3      | Gained mutation: You regenerate. [Jiyva's grace]
  2203 | D:3      | Gained mutation: Your muscles are strong. (Str +4, Int/Dex
                  | -1) [Jiyva's grace]
  2342 | D:3      | Reached skill level 7 in Ranged Weapons
  2543 | D:3      | Noticed Natasha
  2549 | D:3      | Killed Natasha
  2705 | D:3      | Noticed Natasha
  2736 | D:3      | Killed Natasha
  2737 | D:3      | Reached XP level 5. HP: 32/32 MP: 5/5
  2745 | D:3      | Noticed Natasha
  2754 | D:3      | Killed Natasha
  2831 | D:4      | Noticed Grinder
  2842 | D:4      | Killed Grinder
  2843 | D:4      | Reached skill level 8 in Ranged Weapons
  2843 | D:4      | Reached skill level 1 in Armour
  2843 | D:4      | Reached XP level 6. HP: 37/37 MP: 4/6
  2899 | D:4      | Reached skill level 9 in Ranged Weapons
  3039 | D:4      | Reached XP level 7. HP: 41/41 MP: 7/7
  3114 | D:4      | Noticed Duvessa
  3146 | D:4      | Killed Duvessa
  3156 | D:4      | Noticed Dowan
  3173 | D:4      | Killed Dowan
  3199 | D:4      | Reached **** piety under Jiyva
  3216 | D:4      | Found a radiant altar of Vehumet.
  3298 | D:4      | Noticed Pikel
  3305 | D:4      | Killed Pikel
  3306 | D:4      | Reached skill level 11 in Ranged Weapons
  3306 | D:4      | Reached XP level 8. HP: 41/48 MP: 5/8
  3548 | D:4      | Found a stormy altar of Qazlal.
  3784 | D:5      | Entered Level 5 of the Dungeon
  3791 | D:5      | Found a shadowy altar of Dithmenos.
  3842 | D:5      | Found a sand-covered staircase.
  3860 | Ossuary  | Entered an ossuary
  3984 | Ossuary  | Reached skill level 12 in Ranged Weapons
  4136 | D:5      | Reached XP level 9. HP: 45/53 MP: 7/9
  4173 | D:5      | Noticed Edmund
  4180 | D:5      | Reached skill level 5 in Fighting
  4203 | D:5      | Killed Edmund
  4207 | D:5      | Reached skill level 13 in Ranged Weapons
  4751 | D:5      | Lost mutation: You regenerate. [Jiyva's grace]
  4751 | D:5      | Gained mutation: You possess an exceptional clarity of
                  | mind. [Jiyva's grace]
  4751 | D:5      | Gained mutation: You are strong-willed. (Will+) [Jiyva's
                  | grace]
  4751 | D:5      | Gained mutation: You are highly strong-willed. (Will++)
                  | [Jiyva's grace]
  4751 | D:5      | Gained mutation: You are extremely strong-willed. (Will+++)
                  | [Jiyva's grace]
  4774 | D:5      | Found Yzos's Assorted Antiques.
  4782 | D:5      | Bought a pair of gloves for 153 gold pieces
  4821 | D:5      | Reached ***** piety under Jiyva
  5246 | D:6      | Reached skill level 14 in Ranged Weapons
  5261 | D:6      | Found a snail-covered altar of Cheibriados.
  5277 | D:6      | Found an ancient bone altar of Kikubaaqudgha.
  5280 | D:6      | Found a broken altar of Ashenzari.
  5346 | D:6      | Found a staircase to the Ecumenical Temple.
  5352 | Temple   | Entered the Ecumenical Temple
  5646 | D:6      | Found a runed translucent gate.
  5646 | D:6      | Found a runed translucent gate.
  5646 | D:6      | Found a runed translucent gate.
  5647 | D:6      | Noticed Uilleam's ghost (novice MfBe)
  5703 | D:6      | Killed Uilleam's ghost
  5704 | D:6      | Reached skill level 15 in Ranged Weapons
  5704 | D:6      | Reached XP level 10. HP: 59/60 MP: 10/10
  6226 | D:6      | Found a hide-covered altar of Uskayaw.
  6236 | D:6      | Found a blossoming altar of Fedhas.
  6236 | D:6      | Found a faded altar of an unknown god.
  6237 | D:6      | Found a burning altar of Makhleb.
  6250 | D:6      | Found an iron altar of Okawaru.
  6560 | D:7      | Reached skill level 16 in Ranged Weapons
  6783 | D:7      | Reached skill level 5 in Dodging
  6861 | D:7      | Found a shimmering blue altar of Sif Muna.
  7277 | D:8      | Noticed Erica
  7286 | D:8      | Killed Erica
  7352 | D:8      | Reached skill level 17 in Ranged Weapons
  7358 | D:8      | Reached XP level 11. HP: 53/67 MP: 9/11
  7407 | D:8      | Noticed Maurice
  7424 | D:8      | Killed Maurice
  7951 | D:8      | Lost mutation: You are extremely strong-willed. (Will+++)
                  | [Jiyva's grace]
  7951 | D:8      | Lost mutation: You are highly strong-willed. (Will++)
                  | [Jiyva's grace]
  7951 | D:8      | Lost mutation: You heal very quickly. [Jiyva's grace]
  7951 | D:8      | Gained mutation: You have a pair of small horns on your
                  | head. [Jiyva's grace]
  7951 | D:8      | Gained mutation: You have a pair of horns on your head.
                  | [Jiyva's grace]
  7951 | D:8      | Gained mutation: You have a pair of large horns on your
                  | head. [Jiyva's grace]
  7951 | D:8      | Gained mutation: Your flesh is heat resistant. (rF+)
                  | [Jiyva's grace]
  8087 | D:8      | Noticed a two-headed ogre
  8096 | D:8      | Killed a two-headed ogre
  8097 | D:8      | Reached skill level 18 in Ranged Weapons
  8362 | D:9      | Noticed a salamander
  8363 | D:9      | Found a sparkling altar of Nemelex Xobeh.
  8364 | D:9      | Found a transporter.
  8371 | D:9      | Noticed a swamp dragon
  8371 | D:9      | a salamander changed into a swamp dragon
  8372 | D:9      | Noticed an elephant
  8372 | D:9      | a swamp dragon changed into an elephant
  8513 | D:9      | Learned a level 1 spell: Magic Dart
  8516 | D:9      | Learned a level 2 spell: Call Imp
  8597 | D:9      | Found an ornate altar of the Wu Jian Council.
  9120 | D:10     | Entered Level 10 of the Dungeon
  9642 | D:10     | Found a staircase to the Lair.
  9650 | Lair:1   | Entered Level 1 of the Lair of Beasts
  9705 | Lair:1   | Reached skill level 1 in Conjurations
  9929 | Lair:1   | Reached XP level 12. HP: 76/76 MP: 12/12
 10065 | Lair:1   | Reached skill level 19 in Ranged Weapons
 10182 | Lair:1   | Reached skill level 10 in Fighting
 10229 | Lair:1   | Reached skill level 1 in Spellcasting
 10302 | Lair:1   | Lost mutation: You have a pair of large horns on your head.
                  | [Jiyva's grace]
 10302 | Lair:1   | Gained mutation: You have a pair of large horns on your
                  | head. [Jiyva's grace]
 10302 | Lair:1   | Gained mutation: You are covered in slimy tendrils that may
                  | disarm your opponents. [Jiyva's grace]
 10302 | Lair:1   | Gained mutation: Your rubbery body absorbs attacks. (AC +1,
                  | EV +1) [Jiyva's grace]
 10302 | Lair:1   | Gained mutation: Your pliable body absorbs attacks. (AC +2,
                  | EV +2) [Jiyva's grace]
 10323 | Lair:1   | Noticed Gastronok
 10356 | Lair:1   | Killed Gastronok
 10981 | D:11     | Noticed a seven-headed hydra
 10989 | D:11     | Killed a seven-headed hydra
 11097 | D:11     | Noticed a six-headed hydra
 11111 | D:11     | Killed a six-headed hydra
 11502 | D:11     | Noticed a two-headed ogre
 11526 | D:11     | Killed a two-headed ogre
 11746 | D:12     | Reached XP level 13. HP: 64/84 MP: 8/15
 11757 | D:12     | Reached skill level 20 in Ranged Weapons
 11895 | D:12     | Found a staircase to the Orcish Mines.
 11918 | Orc:1    | Entered Level 1 of the Orcish Mines
 11989 | Orc:1    | Found Leoshrues's Jewellery Boutique.
 11999 | Orc:1    | Bought a ring of poison resistance for 300 gold pieces
 12138 | Orc:2    | Entered Level 2 of the Orcish Mines
 12288 | Orc:2    | Found Rimejoes's Weapon Shoppe.
 12452 | Orc:2    | Found Puobu's Jewellery Shoppe.
 12595 | Orc:2    | Found a staircase to the Elven Halls.
 12739 | Orc:2    | Noticed an orc warlord
 12758 | Orc:2    | Slain by a warg

Illustrated notes

Levels and vault maps discovered:
D:1:      nicolae_arrival_washed_ashore, layout_basic,
          dreamdust_ecumenical_altar_statues
D:2:      layout_rooms, serial_shops, nicolae_square_shop, lemuel_flame_loot_1,
          uniq_crazy_yiuf_cottage
D:3:      layout_loops_ring, nicolae_yredelemnul_corpse_copse,
          solitary_fountain, kennysheep_generic_room_9, uniq_natasha
D:4:      layout_basic, grunt_qazlal_clouds, kennysheep_little_box,
          portal_sewer_entry_b, uniq_pikel, uniq_duvessa, uniq_grinder
D:5:      cheibrodos_barr_body, layout_gridville,
          nicolae_dithmenos_the_darkroom, nicolae_ossuary_entry_monument,
          serial_shops, nicolae_shop_stone, hangedman_abyss_or_decor_passed,
          water_boxes_lemuel, uniq_edmund
D:6:      layout_cave_pools, chequers_temple_overflow_minitemple,
          chequers_temple_overflow_statue_of_worship,
          minmay_temple_entry_mini_moons, ebering_ghost_rock_garden,
          kb_lookout_dungeons_type
D:7:      layout_loops_ring, led_sif_pool, hangedman_misty_isle
D:8:      layout_basic, minmay_checkerbox, uniq_erica, uniq_maurice
D:9:      layout_basic, grunt_nemelex_the_gamble, nicolae_wu_jian_wuxing_cycle
D:10:     layout_roguey, dpeg_oklobed_lair, kennysheep_nub, minivault_11,
          corner_web_ring
D:11:     layout_loops_ring
D:12:     layout_small_grid, david_orc_1_choice
Temple:   nicolae_temple_superstar
Lair:1:   layout_loops_ring, uniq_gastronok
Orc:1:    layout_caves, serial_shops, shop, nicolae_orc_tapped_out
Orc:2:    grunt_orc_community_town_hall, layout_caves,
          grunt_orc_community_big_house_2, grunt_orc_community_big_house_2,
          grunt_orc_community_house_3, grunt_orc_community_house_2,
          grunt_orc_community_house_3, grunt_orc_community_house_1,
          grunt_orc_community_house_2, grunt_orc_community_house_2, mines2_david

Skill      XL: |  1  2  3  4  5  6  7  8  9 10 11 12 13 |
---------------+----------------------------------------+-----
Ranged Weapons | 6 7 8 9 11 12 15 17 18 19 20 | 20.9
Fighting       | 3 4 5 7 9 11 | 11.8
Armour         | 1 2 3 4 |  4.9
Dodging        | 3 5 6 7 9 |  9.0
Stealth        | 2 3 4 |  4.8
Conjurations   | 1 |  1.2
Spellcasting   | 1 |  1.5
Evocations     | |  0.3

Action                   |  1- 3 |  4- 6 |  7- 9 | 10-12 | 13-15 || total
-------------------------+-------+-------+-------+-------+-------++-------
Melee: Shortbow          |       |       |       |    37 |     1 ||    38
       Headbutt          |       |       |       |     2 |       ||     2
 Fire: Shortbow          |    95 |    73 |   331 |   648 |   247 ||  1394
 Cast: Magic Dart        |       |       |       |     7 |       ||     7
Invok: Oozemancy         |       |       |     3 |    12 |     4 ||    19
       Slimify           |       |       |       |     3 |       ||     3
Evoke: Lightning rod     |       |       |       |     1 |       ||     1
       Wand              |       |       |       |     2 |       ||     2
  Use: Scroll            |     3 |     2 |     4 |     9 |       ||    18
       Potion            |       |       |     1 |    10 |     3 ||    14
Armor: Ring mail         |    29 |    10 |    34 |       |       ||    73
       Leather armour    |       |       |    23 |    91 |    39 ||   153
Dodge: Dodged            |    49 |    34 |   155 |   390 |   161 ||   789

Table legend: (Time is in decaauts)
 A = Elapsed time spent in this place.
 B = Non-inter-level travel time spent in this place.
 C = Inter-level travel time spent in this place.
 D = Time resting spent in this place.
 E = Time spent auto-exploring this place.
 F = Levels seen in this place.
 G = Mean time per level.
                   A        B        C        D        E       F      G
               +--------+--------+--------+--------+--------+-----+--------+
         Total |  12638 |  12598 |     40 |    198 |   7759 |  17 |  743.4 |
       Dungeon |  10444 |  10404 |     40 |    157 |   6797 |  12 |  870.3 |
        Temple |    163 |    163 |      0 |      0 |      0 |   1 |  163.0 |
          Lair |   1045 |   1045 |      0 |     27 |    606 |   1 | 1045.0 |
  Orcish Mines |    786 |    786 |      0 |     14 |    356 |   2 |  393.0 |
       Ossuary |    198 |    198 |      0 |      0 |      0 |   1 |  198.0 |
               +--------+--------+--------+--------+--------+-----+--------+

Top non-repeatable levels by time:
     D:5: 1263 daAuts
     D:1: 1231 daAuts
     D:8: 1073 daAuts
  Lair:1: 1045 daAuts
     D:4: 1027 daAuts
     D:6: 955 daAuts
     D:3: 916 daAuts
     D:9: 815 daAuts
     D:7: 809 daAuts
    D:10: 747 daAuts
     D:2: 698 daAuts
    D:11: 686 daAuts
   Orc:2: 574 daAuts
    D:12: 218 daAuts
   Orc:1: 211 daAuts
